AoeStats
← brodididi

Arabia

508086519Analyzed
1v1 RM · 11d ago on Sep 20, 2026· 20m 38s· 2 players
Game mode
Random Map
Map size
Tiny (2 player)
Population
200
Speed
Normal
Resources
Standard
Victory
Conquest
Starting age
Dark Age
Ending age
Imperial Age
RankedLock teamsTeams togetherTeam positionsShared explorationLock speedFull tech treeHidden civsTurbo modeCheats
Victory
Defeat
🇺🇦 Vikings · Ukraine
751
+16
🇪🇸 Franks · Spain
748
-16
brodididi
10:37 Feudal Age
11:10 Double-Bit Axe
13:35 Gold Mining
16:59 Loom
CblPHIK
10:38 Feudal Age
12:11 Horse Collar
12:07 Man-at-Arms
14:43 Forging
17:00 Double-Bit Axe
17:58 Scale Mail Armor
Connection lost

Rejoining the realm…

Still unreachable

The connection could not be restored.

Session expired

The server has moved on; the page needs a fresh start.